 Dungeon Crawl Stone Soup version 0.31-a0-303-gdc8c9485ea (webtiles) character file.

Game seed: 8257655049059751422

72 gelatine the Chopper (level 4, -5/34 HPs)
             Began as a Demonspawn Gladiator on July 16, 2023.
             Slain by Natasha (8 damage)
             ... on level 2 of the Dungeon.
             The game lasted 00:02:29 (1003 turns).

gelatine the Chopper (Demonspawn Gladiator)         Turns: 1003, Time: 00:02:30

Health: -5/34      AC:  9    Str: 17    XL:     4   Next: 7%
Magic:  4/4        EV: 11    Int:  9    God:
Gold:   32         SH:  0    Dex: 14    Spells: 3/3 levels left

rFire   . . .        a - +0 war axe
rCold   . . .        (no shield)
rNeg    . . .        i - +0 ring mail
rPois   .            (helmet restricted)
rElec   .            m - +0 cloak
rCorr   .            (no gloves)
SInv    .            h - +0 pair of boots
Will    .....        (no amulet)
Stlth   +            (no ring)
HPRegen 0.25/turn    (no ring)
MPRegen 0.09/turn

%: no passive effects
@: slowed, studying Polearms, very slow
A: horns 1, icy blue scales 1
a: no special abilities


You were on level 2 of the Dungeon.
You visited 1 branch of the dungeon, and saw 2 of its levels.

You collected 32 gold pieces.

Inventory:

Hand Weapons
 a - a +0 war axe (weapon)
Missiles
 d - 3 throwing nets
 e - a javelin
Armour
 b - a +0 leather armour
 c - a +0 helmet
 h - a +0 pair of boots (worn)
 i - a +0 ring mail (worn)
 m - a +0 cloak (worn)
Scrolls
 f - a scroll of vulnerability {unknown}
 k - a scroll of poison {unknown}
 l - a scroll of teleportation {unknown}
 n - 2 scrolls of noise {unknown}
Potions
 g - a potion of brilliance {unknown}
 j - 2 potions of resistance {unknown}


   Skills:
 * Level 2.4 Fighting
 * Level 3.5 Axes
 * Level 1.9 Throwing
 * Level 1.0 Armour
 * Level 3.1 Dodging


You had 3 spell levels left.
You didn't know any spells.
Your spell library was empty.

Dungeon Overview and Level Annotations

Branches:
Dungeon (2/15)

Altars:

Annotations:
D:2 Natasha


Innate Abilities, Weirdness & Mutations

You have a pair of small horns on your head.
You are partially covered in icy blue scales. (AC +2)


Message History

Natasha is moderately wounded.
You hit the frilled lizard but do no damage.
The frilled lizard barely misses you. Natasha barely misses you.
Unknown command.
You hit Natasha. You headbutt Natasha.
Natasha is severely wounded.
You closely miss the frilled lizard. The frilled lizard closely misses you.
Natasha mumbles some strange words.
The frilled lizard barely misses you.
Unknown command.
You miss Natasha.
Natasha is severely wounded.
You closely miss the frilled lizard.
Natasha howls an incantation.
Natasha glows brightly for a moment.
Natasha claws you but does no damage.
The cerulean imp hits you but does no damage.
The cerulean imp hits you from afar with a +1 spear.
The frilled lizard bites you but does no damage.
Natasha casts a spell at you.
You feel yourself slow down.
You hit Natasha.
Natasha is severely wounded.
You hit the frilled lizard but do no damage.
The cerulean imp closely misses you. The frilled lizard closely misses you.
The cerulean imp hits you but does no damage.
Natasha mumbles some strange words.
The cerulean imp closely misses you.
The frilled lizard bites you but does no damage.
The cerulean imp barely misses you. Natasha claws you!
* * * LOW HITPOINT WARNING * * *
You barely miss Natasha.
Natasha is severely wounded.
You hit the frilled lizard but do no damage.
The cerulean imp hits you but does no damage.
The frilled lizard bites you but does no damage.
The cerulean imp hits you from afar with a +1 spear.
* * * LOW HITPOINT WARNING * * *
Natasha claws you!
You die...

#.###..... #.#
#.##. #†# .# #.#
# #.# #.########
#######.........
#...l#.#.######.
#@.#.#
.....5h..#.#
....5..5.#.#
...........#
############


You could see Natasha, 3 cerulean imps and a frilled lizard.

Vanquished Creatures
  4 adders (D:2)
  A dart slug (D:1)
  5 bats
  4 endoplasms
  A giant cockroach (D:1)
  5 goblins
  3 hobgoblins
  2 quokkas
  A frilled lizard (D:1)
  3 kobolds (D:1)
  5 rats (D:1)
34 creatures vanquished.

Notes
Turn   | Place    | Note
-------+----------+-------------------------------------------
     0 | D:1      | gelatine the Demonspawn Gladiator began the quest for the
                  | Orb.
     0 | D:1      | Reached XP level 1. HP: 16/16 MP: 1/1
   209 | D:1      | Gained mutation: You are partially covered in icy blue
                  | scales. (AC +2) [demonic ancestry]
   209 | D:1      | Reached XP level 2. HP: 20/22 MP: 2/2
   359 | D:1      | Found a faded altar of an unknown god.
   901 | D:2      | Reached XP level 3. HP: 27/27 MP: 3/3
   909 | D:2      | Reached skill level 1 in Armour
   983 | D:2      | Noticed Natasha
   996 | D:2      | Gained mutation: You have a pair of small horns on your
                  | head. [demonic ancestry]
   996 | D:2      | Reached XP level 4. HP: 21/34 MP: 4/4
  1003 | D:2      | Slain by Natasha

Illustrated notes

Levels and vault maps discovered:
D:1:      amcnicky_arrival_wind_blow, layout_basic, serial_rivers,
          chequers_serial_rivers_room_a, chequers_serial_rivers_micro_e,
          chequers_serial_rivers_micro_d, chequers_serial_rivers_room_b,
          chequers_serial_rivers_micro_c, chequers_serial_rivers_micro_c,
          ebering_ecumenical_altar_rust
D:2:      wad_river_or_something, layout_basic, nrook_campfire,
          minmay_crystal_water, uniq_natasha

Skill      XL: |  1  2  3 |
---------------+----------+-----
Dodging        | 3 |  3.1
Axes           | 3 |  3.5
Armour         | 1 |  1.0
Fighting       | |  2.4
Throwing       | |  1.9

Action                     |  1- 3 |  4- 6 || total
---------------------------+-------+-------++-------
  Melee: War axe           |   105 |     8 ||   113
         Punch             |     1 |       ||     1
         Headbutt          |       |     1 ||     1
  Throw: Stone             |     4 |       ||     4
 Armour: Leather armour    |    13 |       ||    13
         Ring mail         |    61 |    11 ||    72
  Dodge: Dodged            |    85 |     8 ||    93

Table legend: (Time is in decaauts)
 A = Elapsed time spent in this place.
 B = Non-inter-level travel time spent in this place.
 C = Inter-level travel time spent in this place.
 D = Time resting spent in this place.
 E = Time spent auto-exploring this place.
 F = Levels seen in this place.
 G = Mean time per level.
                   A        B        C        D        E       F      G
               +--------+--------+--------+--------+--------+-----+--------+
         Total |   1042 |    991 |     51 |      0 |    647 |   2 |  521.0 |
       Dungeon |   1042 |    991 |     51 |      0 |    647 |   2 |  521.0 |
               +--------+--------+--------+--------+--------+-----+--------+

Top non-repeatable levels by time:
     D:1: 892 daAuts
     D:2: 150 daAuts
